[Event "British Rapidplay Championship 2023"]
[Site "Mercure Bradford, Bankfield Hotel"]
[Date "2023.04.15"]
[Round "1.1"]
[White "Holliday, John K"]
[Black "Ghasi, Ameet K"]
[Result "0-1"]
[TimeControl "15 minutes plus 10 seconds per move"]
[WhiteElo "1832"]
[BlackElo "2631"]

1. e4 c5 2. Nf3 e6 3. d4 cxd4 4. Nxd4 Nf6 5. Nc3 Nc6 6. Nxc6 bxc6 7. Bd3 d5 8. O-O Rb8 9. Bg5 Rxb2 10. e5 Qa5 11. exf6 Qxc3 12. fxg7 Qxg7 13. Bf4 Rb4 14. Bg3 Bc5 15.
Qe2 h5 16. Be5 f6 17. Bc3 Rg4 18. g3 Rxg3+ 19. hxg3 Qxg3+ 20. Kh1 Qh3+ 0-1

[Event "British Rapidplay Championship 2023"]
[Site "Mercure Bradford, Bankfield Hotel"]
[Date "2023.04.15"]
[Round "1.2"]
[White "Gormally, Daniel W"]
[Black "Ganti, Shriaansh"]
[Result "1-0"]
[TimeControl "15 minutes plus 10 seconds per move"]
[WhiteElo "2570"]
[BlackElo "1831"]

1. d4 Nf6 2. c4 e6 3. Nf3 Bb4+ 4. Nbd2 d5 5. e3 O-O 6. Bd3 b6 7. O-O Bb7 8. a3 Bd6 9. b4 dxc4 10. Nxc4 Nbd7 11. Bb2 Qe7 12. Re1 c5 13. Nxd6 Qxd6 14.
dxc5 Qd5 15. e4 Qh5 16. cxb6 Nxb6 17. Ne5 Qxd1 18. Raxd1 Rfd8 19. f3 Rac8 20. Bb1 Ba6 21. Nc6 Re8 22.
Nxa7 Rc7 23. Bd4 Rxa7 24. Bxb6 Rb7 25. Rd6 h6 26. a4 Nd7 27.
Bf2 Bc4 28. Rc1 Bb3 29. a5 Ne5 30. Rb6 Rd7 31. Bg3 Nc4 32. Rc6 Red8 33. a6 Rd1+ 34. Rxd1 Rxd1+ 35. Kf2 Rxb1 36. a7 Rb2+ 37. Ke1 Rb1+ 38. Ke2 Rb2+ 39.
Kd3 Rd2+ 40. Kc3 Rd8 41. Kxb3 Nd2+ 42. Kc2 Nc4 1-0

[Event "British Rapidplay Championship 2023"]
[Site "Mercure Bradford, Bankfield Hotel"]
[Date "2023.04.15"]
[Round "1.3"]
[White "Holi, Siefaldin A"]
[Black "Wells, Peter K"]
[Result "0-1"]
[TimeControl "15 minutes plus 10 seconds per move"]
[WhiteElo "1818"]
[BlackElo "2466"]

1. d4 Nf6 2. Nc3 d5 3. f3 c5 4. e4 cxd4 5. Qxd4 Nc6 6. Bb5 e6 7. Bxc6+ bxc6 8. e5 Nd7 9. Nh3 Qb6 10.
Qxb6 axb6 11. f4 b5 12. O-O b4 13. Ne2 Bc5+ 14. Kh1 O-O 15. b3 f6 16. Bb2 fxe5 17. Ng5 Ba6 18. c4 bxc3 19.
Nxc3 Bxf1 20. Rxf1 Rxf4 21. Rxf4 exf4 22. Nxe6 Re8 23. h3 Rxe6 24. Na4 Re1+ 25. Kh2 Bg1+ 0-1

[Event "British Rapidplay Championship 2023"]
[Site "Mercure Bradford, Bankfield Hotel"]
[Date "2023.04.15"]
[Round "1.4"]
[White "Arkell, Keith C"]
[Black "Mokhber-Garcia, Sebastian"]
[Result "1/2-1/2"]
[TimeControl "15 minutes plus 10 seconds per move"]
[WhiteElo "2447"]
[BlackElo "1815"]

1. d4 Nf6 2. Nf3 e6 3. c4 d5 4. cxd5 exd5 5. Nc3 Nc6 6. Bg5 Be6 7. e3 a6 8. a3 h6 9. Bh4 Be7 10. Bd3 O-O 11. O-O Nd7 12.
Bg3 Re8 13. Rc1 Nf8 14. Qc2 Bd6 15. Bxd6 Qxd6 16. Na4 Nd7 17. Nc5 Nxc5 18. Qxc5 Qe7 19. Qxe7 Rxe7 20. Rc3 Nb8 21. h3 c6 22.
b4 Nd7 23. a4 Nb6 24. Ra1 Nc4 25. Bxc4 dxc4 26. a5 b5 27. axb6 Rb7 28. Ne5 Rxb6 29. Nxc4 Rxb4 30. Na5 Rab8 31.
Nxc6 Rb1+ 32. Rxb1 Rxb1+ 33. Kh2 Rb2 34. Kg3 h5 35. h4 f6 36. d5 Bd7 37. e4 Re2 38. f3 g5 39. Ra3 gxh4+ 40. Kxh4 Rxg2 41. Kxh5 Rg3 42. Ne7+ Kf7 43. Nf5 Bxf5 44. exf5 Rg5+ 45. Kh6 Rxf5 46. Rd3 Ke7 47. Kg6 Rg5+ 48.
Kh6 Kd6 49. f4 Rxd5 50. Ra3 a5 51. Kg6 f5 52. Kf6 Kc6 53. Ke6 Rc5 54. Ra1 Kb6 55. Kd6 Rb5 56. Ra2 Ka6 57. Ra3 Kb6 58. Ra1 Rb4 59. Ke5 Rb5+ 60.
Kd6 Rc5 61. Ra2 Rb5 62. Ra1 Kb7 63. Ra2 Ka6 64. Ke6 Rc5 65. Kd6 Rc8 66. Ra1 Rc4 67. Ke5 Rc5+ 68. Kd6 Rb5 69. Ra2 Rb8 70.
Ke6 Rf8 71. Rd2 Kb5 72. Rd5+ Kb4 73. Ke7 1/2-1/2

[Event "British Rapidplay Championship 2023"]
[Site "Mercure Bradford, Bankfield Hotel"]
[Date "2023.04.15"]
[Round "1.5"]
[White "Winter, Kevin"]
[Black "Ashton, Adam G"]
[Result "0-1"]
[TimeControl "15 minutes plus 10 seconds per move"]
[WhiteElo "1815"]
[BlackElo "2390"]

1. e4 e5 2. Nf3 Nc6 3. Bc4 Nf6 4. d3 Bc5 5. c3 O-O 6. O-O d5 7. exd5 Nxd5 8. Re1 Bg4 9. h3 Bh5 10.
Nbd2 Nb6 11. b4 Bd6 12. a4 a5 13. b5 Ne7 14. Ne4 Ned5 15. Bxd5 Nxd5 16. Bb2 Nf4 17. d4 Re8 18. d5 h6 19.
c4 f5 20. Ng3 Bxf3 21. Qxf3 e4 22. Qb3 Qg5 23. Bc1 h5 24. Bxf4 Bxf4 25. Ne2 Be5 26. Rad1 f4 27. f3 e3 28.
Qc2 Rf8 29. Nd4 Bxd4 30. Rxd4 Rae8 31. Re2 b6 32. Qd3 Rf6 33. Re4 Re5 34. Qd4 Rxe4 35. Qxe4 Qf5 36. Qxf5 Rxf5 37. Kf1 Kf7 38.
Ke1 Rg5 39. Kd1 Ke7 40. Kc2 Kd6 41. Kc3 Kc5 42. Rb2 Re5 43.
Re2 g5 44. Kd3 Re8 45. Kc3 g4 46.
hxg4 hxg4 47. fxg4 Re4 48. g5 Rxc4+ 49. Kb3 Rd4 50. Rc2+ Kxd5 51. Rxc7 e2 52. Re7 Re4 53. Rd7+ Ke5 0-1

[Event "British Rapidplay Championship 2023"]
[Site "Mercure Bradford, Bankfield Hotel"]
[Date "2023.04.15"]
[Round "1.6"]
[White "Pitcher, John"]
[Black "Procter, Colin S"]
[Result "1-0"]
[TimeControl "15 minutes plus 10 seconds per move"]
[WhiteElo "2358"]
[BlackElo "1814"]

1. e4 c6 2. d4 d5 3. e5 c5 4. c4 e6 5. Nf3 Nc6 6. Nc3 cxd4 7. Nxd4 Nxe5 8. cxd5 Nf6 9. Bb5+ Bd7 10.
Qe2 Bxb5 11. Ndxb5 Bc5 12. Bf4 Ng6 13. Nc7+ Kf8 14. Bg3 Rc8 15. d6 Nd5 16. N7xd5 exd5 17. Rd1 Qe8 18. Rxd5 Qxe2+ 19. Kxe2 f6 20. d7 Rd8 21. Rxc5 Kf7 22. Rd1 Ne5 23. Bxe5 fxe5 24. Rc7 Ke6 25. Rxb7 Rhf8 26. Ne4 h6 27. Rxa7 Rb8 28. Rd6+ Kf5 29. Ng3+ Kf4 30. Ra4+ 1-0

[Event "British Rapidplay Championship 2023"]
[Site "Mercure Bradford, Bankfield Hotel"]
[Date "2023.04.15"]
[Round "1.7"]
[White "Cuaresma, Bien"]
[Black "Dong, Bao Nghia"]
[Result "0-1"]
[TimeControl "15 minutes plus 10 seconds per move"]
[WhiteElo "1798"]
[BlackElo "2331"]

1. e4 e6 2. Nc3 d5 3. d3 Nf6 4. Bd2 c5 5. e5 Nfd7 6. f4 Nc6 7. Nf3 a6 8. Be2 b5 9. a3 Qb6 10. O-O h6 11. Kh1 Bb7 12. Qe1 O-O-O 13. Nd1 Be7 14. c3 Rdg8 15. a4 g5 16. axb5 axb5 17.
d4 g4 18. Ng1 cxd4 19. cxd4 Nxd4 20. Ba5 Qc6 21. Qd2 Nb3 22.
Qc3 Nxa1 23. Qxc6+ Bxc6 24. Ne3 Nb3 25. Be1 h5 26. Nc2 h4 27. h3 d4 28. Bxg4 Rxg4 29. hxg4 h3 30. Nf3 d3 31.
Ncd4 Nxd4 0-1

[Event "British Rapidplay Championship 2023"]
[Site "Mercure Bradford, Bankfield Hotel"]
[Date "2023.04.15"]
[Round "1.8"]
[White "Eckersley-Waites, Tom"]
[Black "Sasikumar, Srivathsan"]
[Result "1-0"]
[TimeControl "15 minutes plus 10 seconds per move"]
[WhiteElo "2304"]
[BlackElo "1798"]

1. d4 d5 2. c4 e6 3. Nc3 c6 4. Nf3 Nf6 5. Bg5 Be7 6. e3 O-O 7. Qc2 h6 8. h4 Nbd7 9. O-O-O b6 10.
Bxf6 Nxf6 11. Ne5 Bb7 12. g4 Bd6 13. g5 Bxe5 14. dxe5 Ng4 15. gxh6 Nxh6 16. Ne4 dxe4 17. Rxd8 Raxd8 18. Bg2 c5 19. Bxe4 Bxe4 20.
Qxe4 f5 21. Qc6 Rfe8 22. Rd1 Rxd1+ 23. Kxd1 Kf7 24. f3 f4 25. e4 Ng8 26. Qd7+ Re7 27. Qd2 g5 28. hxg5 Kg6 29. Qd8 Kg7 30. Ke2 Rf7 31. Qc8 Re7 32.
a3 Kf7 33. b4 cxb4 34. axb4 a5 35. b5 Kg7 36. Qd8 1-0

[Event "British Rapidplay Championship 2023"]
[Site "Mercure Bradford, Bankfield Hotel"]
[Date "2023.04.15"]
[Round "1.9"]
[White "McKay, Jonathan"]
[Black "Makkar, Rajat"]
[Result "0-1"]
[TimeControl "15 minutes plus 10 seconds per move"]
[WhiteElo "1796"]
[BlackElo "2297"]

1. e4 e5 2. Nf3 Nc6 3. Bb5 a6 4. Ba4 Nf6 5. d3 d6 6. c3 g6 7. O-O Bg7 8. h3 O-O 9. Nbd2 b5 10.
Bc2 Re8 11. a4 Bb7 12. b4 Qe7 13. Re1 Rad8 14. Nb3 d5 15. Qe2 d4 16. Nc5 Bc8 17. axb5 axb5 18. Bd2 Nd7 19. Nxd7 Bxd7 20.
Reb1 Ra8 21. Qe1 Bf8 22. Rxa8 Rxa8 23. c4 bxc4 24. dxc4 Ra2 25. Bb3 Rxd2 26. Qxd2 Nxb4 27. c5 Qxc5 28. Qg5 Nd3 29. Qd8 Bb5 30. Ng5 Bc4 31. Bxc4 Qxc4 32. Nxh7 Kxh7 33. Qxf8 Qa2 34.
Rf1 c5 35. h4 Qc4 36. h5 gxh5 37. Qe7 Qe6 38. Qg5 Qg6 39. Qd2 Qxe4 40. Ra1 c4 41. Ra7 Kg6 42. Ra6+ f6 43. Ra7 Qe1+ 44.
Qxe1 Nxe1 45. Kf1 Nd3 46.
Rc7 c3 47. Ke2 Nf4+ 48. Kf3 Kf5 49. Rc5 d3 50. g3 d2 51. Rxc3 0-1

[Event "British Rapidplay Championship 2023"]
[Site "Mercure Bradford, Bankfield Hotel"]
[Date "2023.04.15"]
[Round "1.10"]
[White "Ismail, Mohammed Aayan"]
[Black "Deepak Ambattu, Rithvik"]
[Result "1-0"]
[TimeControl "15 minutes plus 10 seconds per move"]
[WhiteElo "2269"]
[BlackElo "1782"]

1. c4 c5 2. Nc3 Nc6 3. g3 g6 4.
Bg2 Bg7 5. Nf3 d6 6. O-O Bf5 7. d3 Qd7 8. Re1 Bh3 9. Bd2 h5 10. Bxh3 Qxh3 11. Ng5 Qd7 12. h4 Nf6 13. Nd5 O-O 14.
Bc3 Nxd5 15. cxd5 Nd4 16. e3 Nf5 17. Bxg7 Kxg7 18. d4 Kg8 19. dxc5 dxc5 20. Nf3 Rad8 21. e4 Nd6 22. Qc1 Kh7 23.
Ng5+ Kg8 24. Qxc5 Rc8 25. Qb4 Rc4 26. Qd2 Rfc8 27. e5 Rc2 28. Qf4 R8c4 29. Qf3 Nf5 30. Nxf7 Nxh4 31. Nh6+ Kg7 32.
gxh4 Kxh6 33. e6 Qd6 34. Re4 Rxe4 35. Qxe4 Rxb2 36. Qd4 Kh7 37. Qxb2 Qf4 38. Qb3 Qxh4 39. Qg3 Qd4 40. Rc1 Qxd5 41. Rc7 Qxe6 42. Rxb7 Qe1+ 43.
Kh2 Qe4 44. Rxa7 h4 45. Qc7 Qf3 46.
Qxe7+ Kh6 47. Qxh4+ Qh5 48.
Qxh5+ gxh5 49. Rb7 h4 50. a4 h3 51. a5 Kg6 52. Rb5 Kh6 53. a6 Kg6 54. a7 Kf6 55. a8=Q Kg6 56. Qa6+ Kg7 57. Rb7+ Kg8 58. Qa8# 1-0

[Event "British Rapidplay Championship 2023"]
[Site "Mercure Bradford, Bankfield Hotel"]
[Date "2023.04.15"]
[Round "1.11"]
[White "Donahue, Randolph E"]
[Black "Walker, David J"]
[Result "0-1"]
[TimeControl "15 minutes plus 10 seconds per move"]
[WhiteElo "1780"]
[BlackElo "2250"]

1. e4 e5 2. Bc4 Nf6 3. d4 exd4 4.
Nf3 Nc6 5. O-O Nxe4 6. Re1 d5 7. Bxd5 Qxd5 8. Nc3 Qh5 9. Nxe4 Be6 10. Bg5 Bd6 11. h4 h6 12. Bf6 O-O 13. Nxd6 cxd6 14.
Bxd4 Bg4 15. Bc3 Rfe8 16. Qd3 Bxf3 17. Qxf3 Qxf3 18. gxf3 d5 19. Rad1 Rxe1+ 20. Rxe1 d4 21. Bd2 Rd8 22.
Re4 f6 23. a3 Kf7 24. Kf1 Rd5 25. Ke2 f5 26. Rf4 g5 27. hxg5 hxg5 28. Re4 fxe4 29. fxe4 Re5 30. Kd3 Kg6 31.
f4 gxf4 32. Bxf4 Rh5 33. b4 Rh3+ 0-1

[Event "British Rapidplay Championship 2023"]
[Site "Mercure Bradford, Bankfield Hotel"]
[Date "2023.04.15"]
[Round "1.12"]
[White "Shaw, Peter"]
[Black "Rogers, Bernard A"]
[Result "1-0"]
[TimeControl "15 minutes plus 10 seconds per move"]
[WhiteElo "2231"]
[BlackElo "1772"]

1. d4 d5 2. c4 e6 3. Nc3 Nf6 4. Bg5 Be7 5. e3 O-O 6. Nf3 h6 7. Bh4 Nbd7 8. Qc2 dxc4 9. Bxc4 Nb6 10.
Bd3 Nbd5 11. a3 Nxc3 12. bxc3 b6 13. O-O Bb7 14. e4 Nh7 15. Bg3 Ng5 16. Nd2 c5 17. h4 Nh7 18. e5 f5 19.
exf6 Nxf6 20. Bc4 Bd5 21. Rfe1 cxd4 22. cxd4 Qd7 23. Qg6 Rac8 24. Bd3 Bd6 25. Be5 Qe8 26. Bxd6 Qxg6 27. Bxg6 1-0

[Event "British Rapidplay Championship 2023"]
[Site "Mercure Bradford, Bankfield Hotel"]
[Date "2023.04.15"]
[Round "1.13"]
[White "Vijayakumar, Rishi"]
[Black "Mosnegutu, Klauss"]
[Result "1/2-1/2"]
[TimeControl "15 minutes plus 10 seconds per move"]
[WhiteElo "1770"]
[BlackElo "2229"]

1. d4 Nf6 2. c4 e6 3. Nf3 Bb4+ 4. Bd2 c5 5. a3 Bxd2+ 6. Qxd2 cxd4 7. Nxd4 d5 8. Nc3 Nc6 9. cxd5 Nxd5 10.
Nxc6 bxc6 11. e4 Nxc3 12. Qxc3 O-O 13. Be2 Qb6 14. O-O a5 15. b4 Bb7 16. Qc5 Qxc5 17. bxc5 a4 18. Rfd1 Ra5 19. Rac1 g6 20. Rd6 Rc8 21.
f4 Ba6 22. Bxa6 Rxa6 23. Rc4 Rb8 24. Rdd4 Rb5 25. Rxa4 Rxa4 26. Rxa4 Rxc5 27. Kf2 Rc2+ 28. Kf3 c5 29. Ra8+ Kg7 30. a4 Rc3+ 31. Kf2 Rc2+ 32.
Kf3 c4 33. a5 c3 34. a6 Ra2 35. a7 c2 36.
Rc8 Rxa7 37. Rxc2 Ra3+ 38. Kf2 Kf6 39. Rc5 h5 40. h4 Ra1 41. Rc7 Rh1 42. g3 Ra1 43. Kf3 Ra3+ 44. Kg2 Re3 45. e5+ Kg7 46. Kf2 Rd3 47. Kg2 Kf8 48. Ra7 Ke8 49.
Kf2 Rd7 50. Ra6 Rb7 51. Kf3 Kd7 52. Rd6+ Kc7 53. Rd3 Kc6 54. Rd8 Rd7 55. Rc8+ Kd5 56. Rc1 Rb7 57. Rd1+ Kc5 58. Rc1+ Kd4 59.
Rd1+ Kc4 60. Rd8 Kc5 61. Rc8+ Kd5 62. Rd8+ Kc6 63. Rd6+ Kc7 64. Rd3 Rb6 65. Rd4 Rc6 66. Ra4 Kd7 67.
Ra7+ Rc7 68. Ra6 Ke7 69. Rd6 f6 70. Ra6 Rc3+ 71. Kf2 fxe5 72. fxe5 Rc5 73. Ra7+ Kf8 74. Kf3 Rxe5 75. Kf4 Rf5+ 76.
Ke4 Rf7 77. Ra6 Ke7 78. Ra8 Rf5 79. Ra7+ Kf6 80. Ra8 Rb5 81. Rf8+ Ke7 82. Rg8 Kf7 83.
Ra8 Rb1 84. Kf4 Rf1+ 85. Ke4 Rc1 86. Ke5 Re1+ 87. Kf4 Rf1+ 88.
Ke5 Rf5+ 89. Ke4 g5 90. hxg5 Rxg5 91. Rh8 Kg7 92. Re8 Rxg3 93. Rxe6 h4 94. Kf4 Rg1 95. Re3 Kg6 96. Re6+ Kh5 97. Re5+ Kh6 98. Re6+ Kg7 99.
Re3 Kg6 100. Re6+ Kg7 101. Re3 Kh6 102. Re6+ Rg6 103. Rxg6+ Kxg6 1/2-1/2

[Event "British Rapidplay Championship 2023"]
[Site "Mercure Bradford, Bankfield Hotel"]
[Date "2023.04.15"]
[Round "1.14"]
[White "Ciuravin, Andrei"]
[Black "Graff, Ben"]
[Result "1-0"]
[TimeControl "15 minutes plus 10 seconds per move"]
[WhiteElo "2185"]
[BlackElo "1768"]

1. d4 f5 2. g3 Nf6 3. Bg2 g6 4. c4 Bg7 5. Nc3 O-O 6. Nf3 d6 7. O-O c6 8. Qc2 Qe8 9. b3 e5 10.
Ba3 exd4 11. Nxd4 Ne4 12. Nxe4 fxe4 13. Rad1 e3 14. f4 c5 15. Nb5 Bf5 16. Qc1 Nc6 17. Nxd6 Qe7 18. Bxc5 Qc7 19.
Nb5 Qa5 20. Bxf8 Rxf8 21. a3 Qb6 22. b4 a6 23. Nc3 Nd4 24. c5 Qc7 25. Qxe3 Nc2 26. Qf3 Bd4+ 27. Rxd4 Nxd4 28. Qd5+ Be6 29.
Qxd4 Rd8 30. Nd5 Bxd5 31. Bxd5+ Rxd5 32. Qxd5+ Kg7 33. Qe5+ 1-0

[Event "British Rapidplay Championship 2023"]
[Site "Mercure Bradford, Bankfield Hotel"]
[Date "2023.04.15"]
[Round "1.15"]
[White "Baxter, Martin"]
[Black "Hutchinson, Paul A"]
[Result "0-1"]
[TimeControl "15 minutes plus 10 seconds per move"]
[WhiteElo "1766"]
[BlackElo "2184"]

1. e4 d5 2. exd5 Qxd5 3. Nc3 Qa5 4. Nf3 Nf6 5. d4 c6 6. Bc4 b5 7. Bb3 e6 8. Bd2 Qc7 9. O-O Be7 10.
Re1 O-O 11. Ne5 Nbd7 12. Qe2 a5 13. a4 b4 14. Ne4 h6 15. Nxf6+ Bxf6 16. Nxd7 Bxd7 17. c3 c5 18. dxc5 Qxc5 19.
Rac1 bxc3 20. Bxc3 Qg5 21. Bd2 Qh4 22. Rc4 Bd4 23. Bc3 e5 24. Qd2 Rfe8 25. g3 Qf6 26. Bxd4 exd4 27. Rxe8+ Rxe8 28.
Rxd4 Bh3 29. Rf4 Qc6 30. Bxf7+ Kh8 31. Bd5 Qxd5 0-1

[Event "British Rapidplay Championship 2023"]
[Site "Mercure Bradford, Bankfield Hotel"]
[Date "2023.04.15"]
[Round "1.16"]
[White "Ackley, Peter JE"]
[Black "Harker, Peter"]
[Result "1-0"]
[TimeControl "15 minutes plus 10 seconds per move"]
[WhiteElo "2151"]
[BlackElo "1766"]

1. c4 e6 2. g3 d5 3. Bg2 Nf6 4.
Nf3 c5 5. O-O Nc6 6. d4 Be7 7. cxd5 Nxd5 8. Nc3 Nxc3 9. bxc3 O-O 10. h4 cxd4 11. cxd4 Bf6 12. Be3 Ne7 13. Bg5 Nd5 14.
e4 Bxg5 15. hxg5 Ne7 16. Qd2 b6 17. Rac1 Bb7 18. Ne5 Qd6 19.
f4 Rac8 20. Nc4 Qd7 21. Ne3 Rfd8 22. Rxc8 Rxc8 23. Rd1 Qc7 24. Kf2 Qc3 25. Qxc3 Rxc3 26. d5 exd5 27. exd5 g6 28. d6 Nc6 29. Bxc6 Bxc6 30. d7 Bxd7 31. Rxd7 Ra3 32. Ng4 Rxa2+ 33. Kf3 Ra3+ 34. Ke4 Rxg3 35.
Nh6+ Kf8 36. Rxf7+ Ke8 37. Rxa7 Rg1 38. Rxh7 Re1+ 39. Kd4 Rf1 40. Ke5 Re1+ 41. Kf6 Rf1 42. f5 gxf5 43. Nxf5 b5 44.
g6 b4 45. g7 Rg1 46. Rh8+ 1-0

[Event "British Rapidplay Championship 2023"]
[Site "Mercure Bradford, Bankfield Hotel"]
[Date "2023.04.15"]
[Round "1.17"]
[White "Sisupalan, Beni"]
[Black "Watson, Phil R"]
[Result "0-1"]
[TimeControl "15 minutes plus 10 seconds per move"]
[WhiteElo "1766"]
[BlackElo "2144"]

1. e4 c6 2. d4 d5 3. e5 Bf5 4. Bd3 Bxd3 5. Qxd3 e6 6. Nf3 Qb6 7. c3 Qa6 8. Qxa6 Nxa6 9.
O-O Ne7 10. Nbd2 c5 11. Re1 Nc6 12. a3 c4 13. Nf1 h6 14. Bf4 Be7 15. Ne3 b5 16. Nd2 O-O 17. h3 Nc7 18. Kh2 a5 19.
Rg1 b4 20. a4 Rab8 21. Rab1 Rb7 22. f3 Rfb8 23. g4 bxc3 24. bxc3 Rb2 25. Ng2 Rxb1 26. Rxb1 Rxb1 27. Nxb1 Na8 28.
Kg3 Nb6 29. Bc1 Nxa4 30. Ne3 Na7 31. f4 Nb5 32. Nd1 Nb6 33. Ne3 Nd7 34. Nc2 Nb8 35. Kf3 Nc6 36. Bb2 Kf8 37. Kg3 Ke8 38.
Kf3 Kd7 39. Kg3 a4 40. Kf3 Kc7 41. Kg3 Kb6 42. Kf3 Ka5 43. Ke3 g6 44. Kf3 a3 45. Ncxa3 Nxa3 46. Nxa3 Ka4 47. Nb1 Kb3 48.
Bc1 Kc2 49. Ba3 Kxb1 50. Bxe7 Nxe7 51. Ke3 Kc2 52. f5 Kxc3 53. f6 Nc6 54. g5 h5 55. h4 Nxd4 56. Kf4 Kd3 57. Kg3 c3 58.
Kf2 c2 59. Kg3 c1=Q 60. Kf2 Qf4+ 61. Kg2 Qf3+ 62. Kh2 Qg4 63. Kh1 Ke2 64. Kh2 Nf3 65. Kh1 Qg1+ 0-1

[Event "British Rapidplay Championship 2023"]
[Site "Mercure Bradford, Bankfield Hotel"]
[Date "2023.04.15"]
[Round "1.18"]
[White "Jackson, Sheila"]
[Black "Keerthi Kumar, Advait"]
[Result "1/2-1/2"]
[TimeControl "15 minutes plus 10 seconds per move"]
[WhiteElo "2140"]
[BlackElo "1742"]

1. e4 c5 2. c3 Nf6 3. e5 Nd5 4. d4 cxd4 5.
Nf3 Nc6 6. Bc4 Nb6 7. Bb3 g6 8. cxd4 Bg7 9. Nc3 d6 10. Bf4 dxe5 11. dxe5 O-O 12. h3 a5 13. a3 Kh8 14. O-O Nd7 15.
Re1 Nc5 16. Bc4 Be6 17. Bxe6 Nxe6 18. Bg3 Qb6 19. Rb1 Rad8 20. Qa4 Ncd4 21. Nxd4 Rxd4 22. Qb5 Qxb5 23. Nxb5 Rd2 24. b4 axb4 25. axb4 Nd4 26. Nxd4 Rxd4 27. Rec1 Rd7 28. b5 Bh6 29.
Rc4 b6 30. Rc6 Rb7 31. e6 fxe6 32. Rxe6 Kg8 33. Rc6 Bd2 34. Be5 Ba5 35. Rd1 Bb4 36. f3 Bc5+ 37. Kf1 Kf7 38. Ke2 Ra8 39.
Rd2 Rba7 40. Bd4 Bxd4 41. Rxd4 Rb8 42. g4 Ra2+ 43.
Rd2 Ra5 44. Rb2 Ra4 45. h4 Rb7 46.
Ke3 Ra3+ 47. Ke4 Ra4+ 48. Ke3 Ra3+ 49. Ke2 Ra4 50. Rb3 Ra2+ 51. Ke3 Ra4 52. h5 gxh5 53. gxh5 Rh4 54. h6 Rh5 55. Kf4 e6 56. Rd3 Rxb5 57.
Rdd6 Rf5+ 58. Kg4 Rf6 59. Rxb6 1/2-1/2

[Event "British Rapidplay Championship 2023"]
[Site "Mercure Bradford, Bankfield Hotel"]
[Date "2023.04.15"]
[Round "1.19"]
[White "Lloyd, Stephen M"]
[Black "Quilter, Thomas A"]
[Result "0-1"]
[TimeControl "15 minutes plus 10 seconds per move"]
[WhiteElo "1742"]
[BlackElo "2134"]

1. d4 Nf6 2. Nf3 d6 3. Nc3 Bf5 4. Bf4 Nbd7 5. e3 Nh5 6. Nh4 Bg6 7. Bg5 f6 8. g4 Bf7 9. gxh5 fxg5 10.
Nf5 g6 11. Ng3 Nf6 12. Nce4 Nxe4 13. Nxe4 e6 14. Be2 d5 15. Ng3 Qd6 16. c3 Bg7 17. e4 dxe4 18. Nxe4 Qf4 19. Nc5 O-O 20.
O-O Rad8 21. Nd3 Qh4 22. f4 gxh5 23. fxg5 Bg6 24. Qd2 Rd5 25. Rxf8+ Bxf8 26. Rf1 Bd6 27. Bf3 Qxg5+ 28. Qxg5 Rxg5+ 29. Kh1 Bxd3 0-1

[Event "British Rapidplay Championship 2023"]
[Site "Mercure Bradford, Bankfield Hotel"]
[Date "2023.04.15"]
[Round "1.20"]
[White "Cook, Phil"]
[Black "Bastow, Mark A"]
[Result "1-0"]
[TimeControl "15 minutes plus 10 seconds per move"]
[WhiteElo "2126"]
[BlackElo "1739"]

1. c4 c5 2. Nf3 e6 3. g3 d5 4. b3 Nc6 5. Bg2 Nf6 6. O-O Be7 7. cxd5 exd5 8. d4 O-O 9. Nc3 Bg4 10.
dxc5 Bxc5 11. Bg5 Be7 12. Rc1 Be6 13. e3 Qa5 14. Qe2 Rac8 15. Nb5 Rfe8 16. Bxf6 gxf6 17. Nbd4 Bg4 18. Qb5 Qxb5 19.
Nxb5 a6 20. Nbd4 Ba3 21. Rc2 Bxf3 22. Nxf3 Nb4 23. Rd2 Bc1 24. Rdd1 Ba3 25. Nd4 Red8 26. Nf5 Kf8 27. Rd4 Rc2 28.
Rh4 Rxa2 29. Rxh7 Kg8 30. Rh4 a5 31. Rd1 Rc2 32. Rdd4 1-0

[Event "British Rapidplay Championship 2023"]
[Site "Mercure Bradford, Bankfield Hotel"]
[Date "2023.04.15"]
[Round "1.21"]
[White "Riddoch, Alan E"]
[Black "Smith, Andrew P"]
[Result "0-1"]
[TimeControl "15 minutes plus 10 seconds per move"]
[WhiteElo "1735"]
[BlackElo "2125"]

1. e4 c5 2. Nf3 Nc6 3. d4 cxd4 4. Nxd4 Nf6 5. Nc3 e5 6. Ndb5 d6 7. Bg5 a6 8. Na3 b5 9. Nd5 Be7 10.
Bxf6 Bxf6 11. c3 O-O 12. Bd3 Bg5 13. O-O Ne7 14. Nxe7+ Qxe7 15. Nc2 Bb7 16. Nb4 f5 17. exf5 e4 18.
Re1 Rxf5 19. Qg4 Re5 20. Bc2 a5 21. f4 exf3 22. Rxe5 Qxe5 23. Nd3 Be3+ 24. Kf1 fxg2+ 25. Ke2 Qe7 26.
Re1 Rf8 27. Qh3 Bf3+ 28. Qxf3 Rxf3 29. Kxf3 g1=Q 30. Rxg1 Bxg1 0-1

[Event "British Rapidplay Championship 2023"]
[Site "Mercure Bradford, Bankfield Hotel"]
[Date "2023.04.15"]
[Round "1.22"]
[White "Bak, Christopher"]
[Black "Bennett, Eric"]
[Result "1-0"]
[TimeControl "15 minutes plus 10 seconds per move"]
[WhiteElo "2116"]
[BlackElo "1730"]

1. c4 e6 2. Nc3 d5 3. d4 c6 4. cxd5 exd5 5. Qc2 Bd6 6.
e3 f5 7.
Bd3 g6 8. Nge2 Nf6 9. O-O O-O 10. Rb1 a5 11. Bd2 Qe7 12. Rbe1 Ne4 13. Nf4 Nxd2 14. Qxd2 Bxf4 15. exf4 Qg7 16.
Bc2 Nd7 17. Re3 Nb6 18. b3 Bd7 19. Rfe1 Rae8 20. Re5 Rxe5 21. Rxe5 a4 22. Nxa4 Nxa4 23. bxa4 Re8 24. Qe3 Rxe5 25.
fxe5 Qe7 26. Qb3 Be6 27. g3 Qc7 28. Qb4 Kf7 29. a5 Qe7 30. Qc3 Qc7 31. Ba4 Bd7 32. Qc5 Be8 33. Kf1 Qe7 34.
Qxe7+ Kxe7 35. Ke2 Kd7 36. Kd3 Kc7 37. Kc3 Bd7 38. Kb4 b6 39. axb6+ Kxb6 40. Bc2 Bc8 41. Bd3 Be6 42. a4 Bc8 43.
a5+ Kc7 44. Kc5 Be6 45. Bc2 Bc8 46. Ba4 Bb7 47. f4 h6 48. e6 g5 49. a6 Bxa6 50. Bxc6 Kd8 51. Kd6 1-0

[Event "British Rapidplay Championship 2023"]
[Site "Mercure Bradford, Bankfield Hotel"]
[Date "2023.04.15"]
[Round "1.23"]
[White "Smith, Adam"]
[Black "Surtees, Mike J"]
[Result "0-1"]
[TimeControl "15 minutes plus 10 seconds per move"]
[WhiteElo "1718"]
[BlackElo "2111"]

1. e4 c6 2. Nf3 d5 3. Nc3 a6 4.
a3 h6 5.
b4 Bg4 6. h3 Bxf3 7. Qxf3 e6 8. Bb2 Nf6 9. e5 Nfd7 10. d4 a5 11. b5 a4 12. Bd3 c5 13. Ne2 c4 14. Bxc4 dxc4 15.
Qxb7 Nb6 16. Nf4 N8d7 17. Rd1 g5 18. Nh5 Nd5 19. O-O Qc8 20. Qxc8+ Rxc8 21. Rb1 Rb8 22. Nf6+ N7xf6 23. exf6 Bd6 24.
Bc1 Nc3 25. Rb2 Ne2+ 26. Kh1 Nxc1 27. Rxc1 Bxa3 28. d5 Bxb2 29. Rb1 Rxb5 30. dxe6 fxe6 31. Re1 Kf7 32. Re4 a3 33. Rxc4 a2 0-1

[ePGN "0.1;DGT LiveChess/2.2.5"]

[Event "British Rapidplay Championship 2023"]
[Site "Mercure Bradford, Bankfield Hotel"]
[Date "2023.04.16"]
[Round "10.1"]
[White "Ghasi, Ameet K"]
[Black "Wells, Peter K"]
[Result "1-0"]
[TimeControl "15 minutes plus 10 seconds per move"]
[WhiteElo "2631"]
[BlackElo "2466"]

1. Nf3 c5 2. g3 Nc6 3. Bg2 g6 4. O-O Bg7 5. d3 d6 6. c4 e6 7. Nc3 Nge7 8. Bd2 O-O 9. a3 b6 10.
Rb1 Bb7 11. b4 Qd7 12. e3 Rab8 13. Na4 e5 14. Nc3 f5 15. Qa4 h6 16. Nd5 Qe8 17. Qc2 Nxd5 18. cxd5 Ne7 19. bxc5 bxc5 20. e4 Qd7 21. Qc4 Ba8 22.
Bc3 Kh7 23. Nd2 Rb7 24. Rxb7 Bxb7 25. Rb1 Qc8 26. Qa4 Ba6 27. Nc4 Bxc4 28. dxc4 fxe4 29. Qxa7 Qf5 30. Rf1 Ng8 31. Bd2 h5 32. Qc7 e3 33.
Bxe3 Qf6 34. a4 Rf7 35. Qb6 Bh6 36. a5 Ne7 37. Bxh6 Kxh6 38. a6 Nc8 39. Qb3 h4 40. Bh3 Na7 41. Be6 Re7 42. Rb1 Kg7 43. Qe3 g5 44. Rb7 Kf8 45. Qe4 Kg7 46.
Kg2 hxg3 47. hxg3 Kh6 48. Qg4 Rxb7 49. axb7 Qd8 50. Qf5 1-0

[Event "British Rapidplay Championship 2023"]
[Site "Mercure Bradford, Bankfield Hotel"]
[Date "2023.04.16"]
[Round "10.2"]
[White "Gormally, Daniel W"]
[Black "Dong, Bao Nghia"]
[Result "0-1"]
[TimeControl "15 minutes plus 10 seconds per move"]
[WhiteElo "2570"]
[BlackElo "2331"]

1. d4 Nf6 2. Nf3 d6 3.
Nc3 Nbd7 4. e4 e5 5. Bc4 h6 6. Be3 Be7 7. h3 c6 8. a4 Qc7 9. Qe2 O-O 10. O-O Re8 11. dxe5 dxe5 12. Ba2 Nf8 13. Rfd1 Ng6 14.
Nd2 Bb4 15. Ncb1 Qe7 16. c3 Bc5 17. Bxf7+ Qxf7 18. Bxc5 Nf4 19. Qf3 Nh7 20. Re1 Ng5 21. Qg3 Re6 22. Be3 Ngxh3+ 23.
gxh3 Rg6 24. Bxf4 exf4 0-1